3AAA
HIALEAH DODOS @ FLORIDA MEN
08/06/2027
 
TOP OF THE 1ST
Hialeah Dodos batting - Pitching for Florida Men : RHP Brian Scalabrine
Pitching: RHP Brian Scalabrine
Batting: RHB Jorge Salgado 0-0: Ball
1-0: SINGLE (Flyball, 8LS)
Batting: LHB Errol Levick 0-0: Ball
Jorge Salgado is caught stealing 2nd base
1-0: Called Strike
1-1: Swinging Strike
1-2: Foul Ball, location: 2F
1-2: Strikes out swinging, 2-3 out at first.
Batting: RHB Vincente Rotham 0-0: Ball
1-0: Ground out 1-3 (Groundball, 13)
Top of the 1st over - 0 run(s), 1 hit(s), 0 error(s), 0 left on base; Hialeah 0 - Florida 0
BOTTOM OF THE 1ST
Florida Men batting - Pitching for Hialeah Dodos : RHP Carlos Garza
Pitching: RHP Carlos Garza
Batting: RHB Pat Ings 0-0: Fly out, F6 (Popup, 6MD)
Batting: RHB Israel Sanders 0-0: Called Strike
0-1: Ball
1-1: Ground out 5-3 (Groundball, 56)
Batting: RHB Al Thomas 0-0: Foul Ball, location: 2F
0-1: SINGLE (Line Drive, 9LS)
Batting: LHB Bastyão Lizardo 0-0: Ball
Wild Pitch!
Al Thomas to second
1-0: Called Strike
1-1: Ground out 4-3 (Groundball, 4)
Bottom of the 1st over - 0 run(s), 1 hit(s), 0 error(s), 1 left on base; Hialeah 0 - Florida 0
TOP OF THE 2ND
Hialeah Dodos batting - Pitching for Florida Men : RHP Brian Scalabrine
Batting: RHB Luis Jelarde 0-0: Called Strike
0-1: Ball
1-1: Fly out, F8 (Flyball, 8LD)
Batting: LHB Curt Wilson 0-0: Called Strike
0-1: Foul Ball, location: 2F
0-2: Foul Ball, location: 2F
0-2: Ball
1-2: SINGLE (Groundball, 4D)
Batting: RHB Pablo Trujillo 0-0: Ball
1-0: Called Strike
1-1: Ball
2-1: Ball
3-1: Base on Balls
Curt Wilson to second
Batting: SHB Luis Manuel Flores 0-0: Ball
1-0: Foul Ball, location: 2F
1-1: Foul Ball, location: 2F
1-2: Foul Ball, location: 2F
1-2: SINGLE (Groundball, 4MD)
Curt Wilson to third
Pablo Trujillo to second
Runner from 3rd tries for Home, SAFE, throw made home
Pablo Trujillo to third
Luis Manuel Flores to second
Batting: SHB Javier Gonzáles 0-0: Ball
1-0: Foul Ball, location: 2F
1-1: Ball
2-1: Ball
3-1: Called Strike
3-2: SINGLE (Groundball, 6MS) (infield hit)
Pablo Trujillo scores
Luis Manuel Flores to third
Batting: RHB Armando García 0-0: Ball
1-0: Called Strike
Javier Gonzáles is caught stealing 2nd base
1-1: Ball
2-1: Foul Ball, location: 2F
2-2: Fly out, F7 (Flyball, 7LMF)
Top of the 2nd over - 2 run(s), 3 hit(s), 0 error(s), 1 left on base; Hialeah 2 - Florida 0
BOTTOM OF THE 2ND
Florida Men batting - Pitching for Hialeah Dodos : RHP Carlos Garza
Batting: RHB Gilberto Patino 0-0: Swinging Strike
0-1: Ball
1-1: Swinging Strike
1-2: Foul Ball, location: 2F
1-2: Foul Ball, location: 2F
1-2: Ball
2-2: Ball
3-2: Ground out 4-3 (Groundball, 4)
Batting: RHB Lorenzo Díaz 0-0: Ball
1-0: Ball
2-0: Ground out 4-3 (Groundball, 4)
Batting: SHB Luis Gutiérrez 0-0: Fly out, F8 (Flyball, 8LM)
Bottom of the 2nd over - 0 run(s), 0 hit(s), 0 error(s), 0 left on base; Hialeah 2 - Florida 0
TOP OF THE 3RD
Hialeah Dodos batting - Pitching for Florida Men : RHP Brian Scalabrine
Batting: RHB Jorge Salgado 0-0: Ball
1-0: Ball
2-0: Ball
3-0: Base on Balls
Batting: LHB Errol Levick 0-0: Foul Ball, location: 2F
0-1: Called Strike
0-2: Strikes out swinging
Batting: RHB Vincente Rotham 0-0: Ball
1-0: Fly out, F5 (Line Drive, 5D)
Batting: RHB Luis Jelarde 0-0: Ball
Jorge Salgado is caught stealing 2nd base
Top of the 3rd over - 0 run(s), 0 hit(s), 0 error(s), 0 left on base; Hialeah 2 - Florida 0
BOTTOM OF THE 3RD
Florida Men batting - Pitching for Hialeah Dodos : RHP Carlos Garza
Batting: RHB Mesa Altuve 0-0: Called Strike
0-1: Ball
1-1: Ball
2-1: Ball
3-1: Foul Ball, location: 2F
3-2: Ground out U3 (Groundball, 34)
Batting: LHB Jim Unknown 0-0: Ball
1-0: Ball
2-0: Ball
3-0: Base on Balls
Batting: RHB Pat Ings 0-0: Foul Ball, location: 2F
0-1: Foul Ball, location: 2F
0-2: Ball
1-2: SINGLE (Line Drive, 34)
Jim Unknown to second
Runner from 2nd tries for 3rd, SAFE, no throw
Batting: RHB Israel Sanders 0-0: Called Strike
0-1: Ball
1-1: Fly out, F9 (Flyball, 89D)
Runner from 3rd tags up, SCORES, no throw
Batting: RHB Al Thomas 0-0: Fielders Choice at 2nd, 5-4 (Groundball, 56)
Bottom of the 3rd over - 1 run(s), 1 hit(s), 0 error(s), 0 left on base; Hialeah 2 - Florida 1
TOP OF THE 4TH
Hialeah Dodos batting - Pitching for Florida Men : RHP Brian Scalabrine
Batting: RHB Luis Jelarde 0-0: Ball
1-0: Foul Ball, location: 2F
1-1: Called Strike
1-2: Strikes out swinging
Batting: LHB Curt Wilson 0-0: Foul Ball, location: 2F
0-1: Ball
1-1: Foul Ball, location: 2F
1-2: Ball
2-2: Strikes out swinging
Batting: RHB Pablo Trujillo 0-0: Ball
1-0: Ball
2-0: Called Strike
2-1: Ball
3-1: Called Strike
3-2: Foul Ball, location: 2F
3-2: Foul Ball, location: 2F
3-2: DOUBLE (Line Drive, 7LM)
Batting: SHB Luis Manuel Flores 0-0: Fly out, F4 (Line Drive, 4)
Top of the 4th over - 0 run(s), 1 hit(s), 0 error(s), 1 left on base; Hialeah 2 - Florida 1
BOTTOM OF THE 4TH
Florida Men batting - Pitching for Hialeah Dodos : RHP Carlos Garza
Batting: LHB Bastyão Lizardo 0-0: Ball
1-0: Ball
2-0: Called Strike
2-1: Foul Ball, location: 2F
2-2: Fly out, F8 (Flyball, 8LD)
Batting: RHB Gilberto Patino 0-0: Ball
1-0: Called Strike
1-1: Swinging Strike
1-2: Ball
2-2: Foul Ball, location: 2F
2-2: Ball
3-2: Strikes out looking
Batting: RHB Lorenzo Díaz 0-0: Ball
1-0: Ball
2-0: SINGLE (Flyball, 9LS)
Batting: SHB Luis Gutiérrez 0-0: Called Strike
0-1: Foul Ball, location: 2F
0-2: Ball
1-2: Foul Ball, location: 2F
1-2: Foul Ball, location: 2F
1-2: Ball
2-2: Ball
3-2: Base on Balls
Lorenzo Díaz to second
Batting: RHB Mesa Altuve 0-0: Ball
1-0: Fly out, F9 (Flyball, 9S)
Bottom of the 4th over - 0 run(s), 1 hit(s), 0 error(s), 2 left on base; Hialeah 2 - Florida 1
TOP OF THE 5TH
Hialeah Dodos batting - Pitching for Florida Men : RHP Brian Scalabrine
Batting: SHB Javier Gonzáles 0-0: Called Strike
0-1: Ball
1-1: Swinging Strike
1-2: Ball
2-2: Ground out 4-3 (Groundball, 34)
Batting: RHB Armando García 0-0: Ball
1-0: Ball
2-0: Ball
3-0: Foul Ball, location: 2F
3-1: Swinging Strike
3-2: DOUBLE (Line Drive, 7LM)
Batting: RHB Jorge Salgado 0-0: Ground out 4-3 (Groundball, 4)
Armando García to third
Batting: LHB Errol Levick 0-0: Called Strike
0-1: Called Strike
0-2: Foul Ball, location: 2F
0-2: Ball
1-2: Ground out 4-3 (Groundball, 4)
Top of the 5th over - 0 run(s), 1 hit(s), 0 error(s), 1 left on base; Hialeah 2 - Florida 1
BOTTOM OF THE 5TH
Florida Men batting - Pitching for Hialeah Dodos : RHP Carlos Garza
Batting: LHB Jim Unknown 0-0: Foul Ball, location: 2F
0-1: SINGLE (Line Drive, 3S)
Batting: RHB Pat Ings 0-0: Sac Bunt - play at first, batter OUT! 1-3
Jim Unknown to second
Batting: RHB Israel Sanders 0-0: Ball
Jim Unknown is caught stealing 3rd base
1-0: SINGLE (Groundball, 56D)
Batting: RHB Al Thomas 0-0: Ball
1-0: Ball
2-0: Ground out 5-3 (Groundball, 56S)
Bottom of the 5th over - 0 run(s), 2 hit(s), 0 error(s), 1 left on base; Hialeah 2 - Florida 1
TOP OF THE 6TH
Hialeah Dodos batting - Pitching for Florida Men : RHP Brian Scalabrine
Batting: RHB Vincente Rotham 0-0: Called Strike
0-1: Ball
1-1: Called Strike
1-2: Foul Ball, location: 2F
1-2: Foul Ball, location: 2F
1-2: Ball
2-2: Foul Ball, location: 2F
2-2: Strikes out swinging
Batting: RHB Luis Jelarde 0-0: Called Strike
0-1: Ball
1-1: Ball
2-1: SINGLE (Groundball, 6MD)
Batting: LHB Curt Wilson 0-0: Called Strike
0-1: Grounds into double play, 4-6-3 (Groundball, 4M)
Top of the 6th over - 0 run(s), 1 hit(s), 0 error(s), 0 left on base; Hialeah 2 - Florida 1
BOTTOM OF THE 6TH
Florida Men batting - Pitching for Hialeah Dodos : RHP Carlos Garza
Batting: LHB Bastyão Lizardo 0-0: Fly out, F9 (Flyball, 9S)
Batting: RHB Gilberto Patino 0-0: Ground out 6-3 (Groundball, 6)
Batting: RHB Lorenzo Díaz 0-0: Ground out U3 (Groundball, 34)
Bottom of the 6th over - 0 run(s), 0 hit(s), 0 error(s), 0 left on base; Hialeah 2 - Florida 1
TOP OF THE 7TH
Hialeah Dodos batting - Pitching for Florida Men : RHP Brian Scalabrine
Batting: RHB Pablo Trujillo 0-0: Ball
1-0: Called Strike
1-1: Ball
2-1: Ball
3-1: Swinging Strike
3-2: Fly out, F4 (Line Drive, 4)
Batting: SHB Luis Manuel Flores 0-0: Called Strike
0-1: Foul Ball, location: 2F
0-2: Foul Ball, location: 2F
0-2: Ball
1-2: Ball
2-2: Fly out, F8 (Line Drive, 8RM)
Batting: SHB Javier Gonzáles 0-0: Swinging Strike
0-1: Foul Ball, location: 2F
0-2: Fly out, F9 (Flyball, 9LMF)
Top of the 7th over - 0 run(s), 0 hit(s), 0 error(s), 0 left on base; Hialeah 2 - Florida 1
BOTTOM OF THE 7TH
Florida Men batting - Pitching for Hialeah Dodos : RHP Carlos Garza
Batting: SHB Luis Gutiérrez 0-0: Called Strike
0-1: Ball
1-1: Swinging Strike
1-2: Ball
2-2: Foul Ball, location: 2F
2-2: SINGLE (Line Drive, 6M)
Batting: RHB Mesa Altuve 0-0: Sac Bunt - play at first, batter OUT! 1-3
Luis Gutiérrez to second
Pinch Hitting: RHB Freddy Carea 0-0: Ball
1-0: Called Strike
Luis Gutiérrez is caught stealing 3rd base
1-1: Ball
2-1: SINGLE (Flyball, 89S)
Batting: RHB Pat Ings 0-0: Ball
1-0: Called Strike
1-1: Ball
2-1: Swinging Strike
2-2: Strikes out looking
Bottom of the 7th over - 0 run(s), 2 hit(s), 0 error(s), 1 left on base; Hialeah 2 - Florida 1
TOP OF THE 8TH
Hialeah Dodos batting - Pitching for Florida Men : RHP Brian Scalabrine
Now in LF: Jim Unknown
Batting: RHB Armando García 0-0: Ball
1-0: Ball
2-0: Called Strike
2-1: SINGLE (Line Drive, 56D)
Pinch Hitting: LHB Perry Bothof 0-0: Called Strike
0-1: Swinging Strike
0-2: Ball
1-2: Fly out, F7 (Flyball, 7D)
Pitching: RHP Pompeyo Davalillo
Batting: LHB Errol Levick 0-0: Called Strike
0-1: SINGLE (Groundball, 34)
Armando García to second
Runner from 2nd tries for 3rd, OUT!
Batting: RHB Vincente Rotham 0-0: Called Strike
0-1: SINGLE (Line Drive, 34D)
Errol Levick to second
Runner from 2nd tries for 3rd, SAFE, throw made to third
Vincente Rotham to second
Batting: RHB Luis Jelarde 0-0: Ground out 5-3 (Groundball, 56)
Top of the 8th over - 0 run(s), 3 hit(s), 0 error(s), 2 left on base; Hialeah 2 - Florida 1
BOTTOM OF THE 8TH
Florida Men batting - Pitching for Hialeah Dodos : RHP Carlos Garza
Now in CF: Wilson Pérez
Batting: RHB Israel Sanders 0-0: Ground out 6-3 (Groundball, 6)
Batting: RHB Al Thomas 0-0: Ball
1-0: SINGLE (Line Drive, 56)
Pitching: LHP Travis Grant
Pinch Hitting: RHB Aaron Phillips 0-0: Called Strike
0-1: Ball
1-1: Foul Ball, location: 2F
1-2: SINGLE (Line Drive, 5D)
Al Thomas to second
Pitching: RHP Lindsay Novak
Batting: RHB Gilberto Patino 0-0: Called Strike
0-1: Swinging Strike
0-2: Ball
1-2: Ball
2-2: SINGLE (Line Drive, 6D)
Al Thomas to third
Aaron Phillips to second
Runner from 3rd tries for Home, SAFE, throw made at trailing runner, OUT at third!
Pinch Hitting: SHB Spencer Landes 0-0: Foul Ball, location: 2F
0-1: Swinging Strike
0-2: 2-RUN HOME RUN (Flyball, 9LD), Distance : 354 ft
Batting: SHB Luis Gutiérrez 0-0: Ball
1-0: Swinging Strike
1-1: Called Strike
1-2: Foul Ball, location: 2F
1-2: Foul Ball, location: 2F
1-2: Ball
2-2: Strikes out swinging
Bottom of the 8th over - 3 run(s), 4 hit(s), 0 error(s), 0 left on base; Hialeah 2 - Florida 4
TOP OF THE 9TH
Hialeah Dodos batting - Pitching for Florida Men : RHP Pompeyo Davalillo
Pitching: RHP Jim Unknown
Now at 1B: Aaron Phillips
Now at 3B: Jim Unknown
Batting: LHB Curt Wilson 0-0: Ball
1-0: Ball
2-0: SINGLE (Flyball, 8LS)
Batting: RHB Pablo Trujillo 0-0: Foul Ball, location: 2F
0-1: Ball
1-1: Swinging Strike
1-2: Ball
2-2: DOUBLE (Line Drive, 7LD)
Curt Wilson to third
Runner from 3rd tries for Home, SAFE, no throw
Batting: SHB Luis Manuel Flores 0-0: Ball
1-0: Fly out, F3 (Popup, 3S)
Batting: SHB Javier Gonzáles 0-0: Ball
1-0: Foul Ball, location: 2F
1-1: Ball
2-1: Ball
3-1: Foul Ball, location: 2F
3-2: Foul Ball, location: 2F
3-2: Ground out 4-3 (Groundball, 4)
Pablo Trujillo to third
Batting: RHB Armando García 0-0: Swinging Strike
0-1: Swinging Strike
0-2: Ball
1-2: Ball
2-2: Strikes out looking
Top of the 9th over - 1 run(s), 2 hit(s), 0 error(s), 1 left on base; Hialeah 3 - Florida 4
Saturday, May 26th, 2018 - OOTP Baseball 17.12 Build 75